 Dungeon Crawl Stone Soup version 0.27-a0-1502-g47ed6a6988 (webtiles) character file.

Game seed: 3011195069089652334

9 Spaninq the Ruffian (level 2, 23/23 HPs)
             Began as a Draconian Transmuter on July 8, 2021.
             Was a Follower of Trog.
             Quit the game on level 1 of the Dungeon.
             The game lasted 00:01:51 (594 turns).

Spaninq the Ruffian (Draconian Transmuter)           Turns: 594, Time: 00:01:52

Health: 23/23      AC:  4    Str: 12    XL:     2   Next: 3%
Magic:  5/5        EV: 12    Int: 13    God:    Trog [*.....]
Gold:   10         SH:  0    Dex: 11    Spells: 4/5 levels left

rFire    . . .     SeeInvis .     - Unarmed
rCold    . . .     Faith    .   (no shield)
rNeg     . . .     Spirit   .   (armour unavailable)
rPois    .         Reflect  .   (helmet restricted)
rElec    .         Harm     .   (no cloak)
rCorr    .         Rampage  .   (no gloves)
Will     .....                  (no boots)
Stlth    +.........             (no amulet)
HPRegen  0.07/turn              (no ring)
MPRegen  0.09/turn              (no ring)

@: no status effects
A: AC +4, unfitting armour, cold-blooded
a: Renounce Religion, Berserk


You were on level 1 of the Dungeon.
You worshipped Trog.
Trog was aware of your devotion.
You visited 1 branch of the dungeon, and saw 1 of its levels.

You collected 10 gold pieces.

Inventory:

Potions
 a - a potion of lignification {unknown}


   Skills:
 + Level 1.4 Fighting
 + Level 1.9 Dodging
 + Level 3.1 Unarmed Combat
 - Level 2.1 Spellcasting
 - Level 2.1 Transmutations


You had 4 spell levels left.
You knew the following spells:

 Your Spells              Type           Power      Damage    Failure   Level
a - Beastly Appendage     Tmut           14%        N/A       11%         1

Your spell library contained the following spells:

 Spells                   Type           Power      Damage    Failure   Level
 Wereblood                Tmut           7%         N/A       16%         2
 Spider Form              Tmut/Pois      2%         N/A       43%         3
 Ice Form                 Ice/Tmut       4%         N/A       85%         4


Dungeon Overview and Level Annotations

Branches:
Dungeon (1/15)

Altars:
Trog


Innate Abilities, Weirdness & Mutations

Your plain brown scales are hard. (AC +4)
You cannot fit into any form of body armour.
You are cold-blooded and may be slowed by cold attacks.


Message History

The frilled lizard bites you.
You miss the frilled lizard. You claw the frilled lizard.
You kill the frilled lizard!
Your transformation is almost over.
Your horns disappear.
Your talons disappear.
A goblin comes into view. It is wielding a +0 dagger.
The goblin shouts!
You see here 10 gold pieces.
Drop what? 2/52 slots (_ for help) (? for menu, Esc to quit)
You are now empty-handed.
You drop a +0 whip.
Things that are here:
a +0 whip; 10 gold pieces
Casting: Beastly Appendage (safe; 11% risk of failure)
Confirm with . or Enter, or press ? or * to list all spells.
You grow a pair of large bovine horns.
Your feet morph into talons.
The goblin hits you with a +0 dagger.
You closely miss the goblin. The goblin hits you with a +0 dagger.
You hit the goblin. You headbutt the goblin.
You kill the goblin!
You have reached level 2!
Things that are here:
a +0 dagger; a goblin corpse You now have 10 gold pieces.
You see here a +0 whip.
You see here a +0 whip.
Your transformation is almost over.
Your horns disappear.
Your talons disappear.
Things that are here:
a +0 dagger; a goblin corpse
Found a faded altar of an unknown god.
There is a faded altar of an unknown god here.
You cannot tell which god this altar belongs to.
Convert to them anyway?
Trog accepts your prayer! Trog welcomes you!
You can now go berserk at will.
Casting: Beastly Appendage (safe; 11% risk of failure)
Confirm with . or Enter, or press ? or * to list all spells.
Casting this spell will place you under penance.
Really cast?
Okay, then.
Are you sure you want to abandon this character and quit the game? (Confirm with "yes".)

≈###≈.≈###≈.#.# ≈#
#≈.≈# #≈.#)##### ≈#
#≈.≈# #≈.......#
≈≈≈≈≈.≈≈≈≈≈....#.##
.............###.#
≈≈≈≈≈.≈≈≈≈≈...#.##
≈###≈.. ##.## #≈.#
##.# #≈. #@## ≈≈.
#.## ##


There were no monsters in sight!

Vanquished Creatures
  An endoplasm (D:1)
  2 giant cockroaches (D:1)
  A goblin (D:1)
  A quokka (D:1)
  A frilled lizard (D:1)
  2 kobolds (D:1)
8 creatures vanquished.

Notes
Turn   | Place    | Note
-------+----------+-------------------------------------------
     0 | D:1      | Spaninq the Draconian Transmuter began the quest for the
                  | Orb.
     0 | D:1      | Reached XP level 1. HP: 16/16 MP: 3/3
   524 | D:1      | Reached XP level 2. HP: 18/23 MP: 3/5
   591 | D:1      | Found a faded altar of an unknown god.
   593 | D:1      | Became a worshipper of Trog the Wrathful
   593 | D:1      | Reached * piety under Trog
   594 | D:1      | Quit the game

Illustrated notes

Levels and vault maps discovered:
D:1:      ebering_hopf_link, layout_loops_corners,
          chequers_ecumenical_altar_twisty, kennysheep_boxes

Action                   || total
-------------------------++-------
Melee: Unarmed           ||    16
       Kick              ||     3
       Whip              ||     2
       Headbutt          ||     2
 Cast: Beastly Appendage ||     6
Armor: Skin              ||     3
Dodge: Dodged            ||     8

Table legend: (Time is in decaauts)
 A = Elapsed time spent in this place.
 B = Non-inter-level travel time spent in this place.
 C = Inter-level travel time spent in this place.
 D = Time resting spent in this place.
 E = Time spent auto-exploring this place.
 F = Levels seen in this place.
 G = Mean time per level.
                   A        B        C        D        E       F      G
               +--------+--------+--------+--------+--------+-----+--------+
         Total |    594 |    594 |      0 |    244 |    284 |   1 |  594.0 |
       Dungeon |    594 |    594 |      0 |    244 |    284 |   1 |  594.0 |
               +--------+--------+--------+--------+--------+-----+--------+

Top non-repeatable levels by time:
     D:1: 594 daAuts
